 Dungeon Crawl Stone Soup version 0.31.0-32-g396128a36d (webtiles) character file.

Game seed: 2436141816207310868

1530 spaghetti the Trooper (level 8, -4/93 HPs)
             Began as a Demonspawn Chaos Knight on Mar 21, 2024.
             Was a Plaything of Xom.
             Slain by a water moccasin (6 damage)
             ... on level 7 of the Dungeon.
             The game lasted 00:06:09 (5527 turns).

spaghetti the Trooper (Demonspawn Chaos Knight)     Turns: 5527, Time: 00:06:09

Health: -4/93      AC:  7    Str: 17    XL:     8   Next: 55%
Magic:  13/13      EV: 18    Int: 14    God:    Xom [*.....]
Gold:   346        SH:  0    Dex: 17    Spells: 3/14 levels left

rFire   + . .        n - +1 battleaxe (elec)
rCold   + . .        (shield currently unavailable)
rNeg    . . .        h - +2 leather armour {rC+}
rPois   .            (helmet restricted)
rElec   .            D - +1 cloak
rCorr   .            (no gloves)
SInv    .            (no boots)
Will    .....        (no amulet) Stlth
                     d - +5 ring of evasion
HPRegen 0.35/turn    (no ring)
MPRegen 0.13/turn

%: random rage (3%)
@: mighty, berserking, lethally poisoned (-4 -> -7), very quick
A: hooves 1, thin skeletal structure 3, demonic guardian 1, foul stench 1,
antennae 1, berserk 1, fire resistance 1, strong 1
a: Renounce Religion


You were on level 7 of the Dungeon.
You worshipped Xom.
You were a special plaything of Xom.
You visited 1 branch of the dungeon, and saw 7 of its levels.

You collected 346 gold pieces.

Inventory:

Hand Weapons
 a - a +0 falchion of protection
 n - a +1 battleaxe of electrocution (weapon)
Armour
 b - a +2 leather armour
 h - a +2 leather armour of cold resistance (worn)
 s - a +1 helmet
 D - a +1 cloak (worn)
Jewellery
 d - a +5 ring of evasion (left hand)
 m - a ring of flight
 y - a ring of ice
Wands
 v - a wand of flame (27)
Scrolls
 c - 2 scrolls of butterflies
 f - a scroll of noise
 g - a scroll of fear
 i - 2 scrolls of teleportation
 j - a scroll of immolation
 p - a scroll of torment
 w - 2 scrolls of blinking {unknown}
 C - a scroll of identify
Potions
 e - 3 potions of might
 k - a potion of haste
 o - a potion of invisibility {unknown}
 q - a potion of attraction {unknown}
 t - a potion of magic {unknown}
 u - a potion of degeneration {unknown}
 x - a potion of ambrosia {unknown}


   Skills:
 + Level 5.2 Fighting
 - Level 2.6 Long Blades
 + Level 4.2 Armour
 + Level 3.9 Dodging
 + Level 3.5 Spellcasting
 + Level 3.3 Conjurations
 + Level 2.3 Summonings
 + Level 3.1 Earth Magic
 + Level 1.9 Alchemy


You had 3 spell levels left.
You knew the following spells:

 Your Spells              Type           Power      Damage    Failure   Level
a - Stone Arrow           Conj/Erth      22%        3d8       19%         3
b - Animate Armour        Summ/Erth      20%        N/A       58%         4
c - Petrify               Alch/Erth      9%         N/A       63%         4

Your spell library contained the following spells:

 Spells                   Type           Power      Damage    Failure   Level
 Shock                    Conj/Air       28%        1d4       12%         1
 Sublimation of Blood     Necr           2%         N/A       36%         2
 Inner Flame              Hex/Fire       2%         N/A       58%         3
 Swiftness                Air            2%         N/A       58%         3
 Irradiate                Conj/Alch      4%         3d13      92%         5
 Airstrike                Air            1%         2d(1-17)  94%         4
 Ignition                 Fire           1%         3d3       100%        8
 Lehudib's Crystal Spear  Conj/Erth      5%         10d3      100%        8


Dungeon Overview and Level Annotations

Branches:
Dungeon (7/15)
 Temple: D:4-7

Altars:
Dithmenos
Gozag
Okawaru
Wu Jian

Annotations:
D:5 2 transporters, jimmypageman's ghost, amateur MiFi
D:6 2 runed translucent doors, CeilingCat's ghost, novice DEEE


Innate Abilities, Weirdness & Mutations

You have large cloven feet.
You have an unnaturally thin skeletal structure. (Dex +6, Stealth+++)
A weak demonic guardian rushes to your aid.
You may rarely emit foul miasma when damaged in melee.
You have a pair of small antennae on your head.
You sometimes lose your temper in combat.
Your flesh is heat resistant. (rF+)
Your muscles are strong. (Str +4, Int/Dex -1)


Message History

Your +1 helmet falls away!
You feel stronger.
You feel a little pissed off.
You feel resistant to heat. The water moccasin bites you.
You are poisoned.
The water moccasin poisons you!
The orc priest begins to cast a cantrip, but forgets the words!
Something hits you.
* * * LOW HITPOINT WARNING * * *
The water moccasin barely misses you.
It was a potion of berserk rage.
A red film seems to cover your vision as you go berserk!
You feel yourself moving faster!
You feel mighty!
You feel very sick. The water moccasin barely misses you.
The orc priest misses you. Something hits you but does no damage.
You closely miss something. You kick something! You slash the orc priest!
You barely miss the water moccasin.
You feel very sick.
The water moccasin bites you but does no damage.
The orc priest misses you. Something misses you.
The water moccasin barely misses you.
You slash something!
Reactivating autopickup.
You feel a bit more experienced.
You slash the orc!
You kill the orc!
You hit the orc priest but do no damage.
You barely miss the water moccasin.
You feel sick.
The water moccasin completely misses you.
The orc priest hits you with a +0 dagger.
* * * LOW HITPOINT WARNING * * *
A demonic guardian appears!
You closely miss the water moccasin. You kick the water moccasin!
The water moccasin is severely wounded.
You barely miss the orc priest.
You feel sick.
The water moccasin bites you but does no damage.
The orc priest calls down the wrath of Beogh upon you.
Beogh smites you!
* * * LOW HITPOINT WARNING * * *
The water moccasin bites you.
You die...

#> #.....
#.#####.o....
###.#.(.....S..
..............
#....#.....).
#.o)#.......
#.S@#.......
#...5.......
#...#.......
#?..#.......
#...#.......
#...#..?....
#...#.......
######......
#.....


You could see a water moccasin, an orc priest (ally target) and a friendly
quasit (summoned).

Vanquished Creatures
  A steam dragon (D:7)
  A water moccasin (D:5)
  An ice beast (D:6)
  A sky beast (D:6)
  An ogre (D:5)
  A kobold brigand (D:6)
  2 scorpions
  2 hounds
  2 sleepcaps
  An iguana (D:5)
  Natasha (D:2)
  2 orc wizards
  3 gnolls (D:5)
  7 adders
  A white imp (D:6)
  2 dart slugs
  A ribbon worm (D:3)
  9 orcs
  5 ball pythons
  5 endoplasms
  2 giant cockroaches (D:4)
  8 hobgoblins
  4 jackals (D:4)
  4 quokkas
  5 bats
  4 frilled lizards
  9 goblins
  11 kobolds
  6 rats
102 creatures vanquished.

Vanquished Creatures (collateral kills)
  A salamander (D:3)
  A gnoll bouda (D:5)
  An orc (D:3)
  A goblin (D:3)
4 creatures vanquished.

Grand Total: 106 creatures vanquished

Notes
Turn   | Place    | Note
-------+----------+-------------------------------------------
     0 | D:1      | spaghetti the Demonspawn Chaos Knight began the quest for
                  | the Orb.
     0 | D:1      | Reached XP level 1. HP: 18/18 MP: 1/1
    22 | D:1      | XOM: silly message
    27 | D:1      | XOM: silly message
    80 | D:1      | Reached skill level 1 in Dodging
   216 | D:1      | XOM: silly message
   325 | D:1      | XOM: silly message
   332 | D:1      | Gained mutation: You have a somewhat thin skeletal
                  | structure. (Dex +2, Stealth+) [demonic ancestry]
   332 | D:1      | Reached XP level 2. HP: 24/24 MP: 2/2
   601 | D:1      | Found a faded altar of an unknown god.
   605 | D:1      | Got Plato's Annotations on Hurting
   672 | D:1      | XOM: give mutation
   672 | D:1      | Gained mutation: Your body sometimes deteriorates upon
                  | taking damage. [Xom's mischief]
   754 | D:1      | XOM: summons 4 hostile shadow creatures
   973 | D:2      | XOM: stat loss: -1 Str (11/12)
   982 | D:2      | Gained mutation: A weak demonic guardian rushes to your
                  | aid. [demonic ancestry]
   982 | D:2      | Reached XP level 3. HP: 28/29 MP: 4/4
  1032 | D:2      | Reached skill level 1 in Spellcasting
  1095 | D:2      | Learned a level 3 spell: Stone Arrow
  1255 | D:2      | Found an opulent altar of Gozag.
  1644 | D:2      | Gained mutation: You have a moderately thin skeletal
                  | structure. (Dex +4, Stealth++) [demonic ancestry]
  1644 | D:2      | Reached XP level 4. HP: 35/35 MP: 5/5
  1693 | D:2      | XOM: noise
  1857 | D:2      | Noticed Natasha
  1868 | D:2      | Killed Natasha
  2115 | D:3      | a goblin changed into a salamander
  2115 | D:3      | Noticed a salamander
  2115 | D:3      | XOM: polymorph goblin -> salamander
  2118 | D:3      | XOM: summons friendly shadow imp
  2123 | D:3      | Killed a salamander
  2124 | D:3      | Reached skill level 4 in Fighting
  2124 | D:3      | Gained mutation: You have large cloven feet. [demonic
                  | ancestry]
  2124 | D:3      | Reached XP level 5. HP: 7/42 MP: 6/8
  2124 | D:3      | Gained mutation: You may rarely emit foul miasma when
                  | damaged in melee. [demonic ancestry]
  2124 | D:3      | Reached XP level 6. HP: 8/48 MP: 6/9
  2191 | D:3      | XOM: summons 4 hostile shadow creatures
  2434 | D:3      | Gained mutation: You have an unnaturally thin skeletal
                  | structure. (Dex +6, Stealth+++) [demonic ancestry]
  2434 | D:3      | Reached XP level 7. HP: 55/55 MP: 10/10
  2485 | D:3      | XOM: silly message
  2900 | D:4      | Learned a level 4 spell: Animate Armour
  3155 | D:4      | XOM: give mutations
  3155 | D:4      | Gained mutation: You occasionally shout uncontrollably at
                  | your foes. [Xom's mischief]
  3155 | D:4      | Lost mutation: Your body sometimes deteriorates upon taking
                  | damage. [Xom's mischief]
  3155 | D:4      | Gained mutation: You are weak. (Str -2) [Xom's mischief]
  3452 | D:5      | Entered Level 5 of the Dungeon
  3474 | D:5      | XOM: scenery: summon butterflies
  3614 | D:5      | Found a shadowy altar of Dithmenos.
  3673 | D:5      | Reached skill level 1 in Summonings
  3875 | D:5      | Found an ornate altar of the Wu Jian Council.
  3913 | D:5      | Noticed a yak
  3920 | D:5      | Learned a level 4 spell: Petrify
  3921 | D:5      | Noticed jimmypageman's ghost (amateur MiFi)
  3925 | D:5      | Found a transporter.
  4002 | D:5      | Found a transporter.
  4194 | D:5      | XOM: repel stairs
  4277 | D:5      | Found an iron altar of Okawaru.
  4377 | D:5      | XOM: butterfly on damage
  4505 | D:6      | Found a large runed translucent door.
  4505 | D:6      | Found a large runed translucent door.
  4507 | D:6      | Noticed CeilingCat's ghost (novice DEEE)
  4522 | D:6      | Reached skill level 1 in Alchemy
  4522 | D:6      | Reached XP level 8. HP: 54/61 MP: 12/12
  4772 | D:6      | XOM: fog
  4859 | D:6      | Reached skill level 5 in Fighting
  4996 | D:6      | XOM: silly message
  5105 | D:6      | XOM: potion effect (haste)
  5510 | D:7      | XOM: summons 1 hostile demon
  5519 | D:7      | XOM: blink monster(s)
  5523 | D:7      | Lost mutation: You occasionally shout uncontrollably at
                  | your foes. [potion of mutation]
  5523 | D:7      | Lost mutation: You are weak. (Str -2) [potion of mutation]
  5523 | D:7      | Gained mutation: You have a pair of small antennae on your
                  | head. [potion of mutation]
  5523 | D:7      | Gained mutation: Your muscles are strong. (Str +4, Int/Dex
                  | -1) [potion of mutation]
  5523 | D:7      | Gained mutation: You sometimes lose your temper in combat.
                  | [potion of mutation]
  5523 | D:7      | Gained mutation: Your flesh is heat resistant. (rF+)
                  | [potion of mutation]
  5527 | D:7      | HP: 2/93 [orc priest/divine providence (13)]
  5527 | D:7      | Slain by a water moccasin

Illustrated notes

Levels and vault maps discovered:
D:1:      saegor_arrival_simple_e, layout_loops_corners,
          shapermc_ecumenical_altar_rom_forum
D:2:      layout_rooms, serial_co_window_serial, co_window_paths_b,
          co_window_paths_b, co_window_corner_a, co_window_paths_a,
          co_window_paths_a, co_window_paths_a, co_window_paths_a,
          co_window_of_opportunity_a, co_window_paths_a,
          co_window_of_opportunity_c, co_window_broadway_c, co_window_corner_b,
          co_window_2corner, co_window_corner_b, co_window_corner_ca,
          co_window_corner_b, co_window_paths_d, co_window_paths_e, basic_altar,
          feat_on_display, uniq_natasha
D:3:      minmay_spotlight, layout_basic
D:4:      layout_basic, kennysheep_mini_moat, serial_glass, glass_columns_b,
          glass_columns_a, glass_columns_a, serial_bayou_crossing
D:5:      layout_cave_pools, nicolae_wu_jian_immortal_techniques,
          pf_just_have_faith, grunt_dithmenos_smoke_and_mirrors,
          gammafunk_ghost_arena, wad_floor_pattern_2, kennysheep_generic_room_9
D:6:      nicolae_cairo_tiling_large_dashed, layout_gridville,
          ebering_ghost_disaster_area
D:7:      layout_rooms, temple_doors_e

Skill      XL: |  1  2  3  4  5  6  7  8 |
---------------+-------------------------+-----
Dodging        | 1 2 3 |  3.9
Armour         | 2 3 4 |  4.2
Spellcasting   | 1 2 3 |  3.5
Fighting       | 4 5 |  5.2
Conjurations   | 2 3 |  3.3
Earth Magic    | 2 3 |  3.1
Summonings     | 1 2 |  2.3
Alchemy        | 1 |  1.9
Long Blades    | |  2.6

Action                     |  1- 3 |  4- 6 |  7- 9 || total
---------------------------+-------+-------+-------++-------
  Melee: Falchion          |   114 |    37 |     2 ||   153
         Punch             |       |     1 |       ||     1
         Kick              |       |     1 |    39 ||    40
         Battleaxe         |       |       |   157 ||   157
  Throw: Throwing net      |       |     1 |       ||     1
         Dart              |       |       |     6 ||     6
   Cast: Stone Arrow       |       |       |     1 ||     1
    Use: Potion            |       |     1 |     7 ||     8
         Scroll            |       |       |    10 ||    10
   Stab: Sleeping          |     7 |     4 |    13 ||    24
 Armour: Leather armour    |    50 |    12 |   138 ||   200
  Dodge: Dodged            |    99 |    33 |   204 ||   336
